 Dungeon Crawl Stone Soup version 0.31-a0-14-gc80a10f4b6 (webtiles) character file.

Game seed: 8507449471425984736

256 sampeng1 the Sneak (level 6, -1/42 HPs)
             Began as an Octopode Brigand on May 8, 2023.
             Was a Believer of Dithmenos.
             Killed by divine providence
             ... invoked by an orc priest
              (15 damage)
             ... on level 3 of the Dungeon.
             The game lasted 00:09:56 (1765 turns).

sampeng1 the Sneak (Octopode Brigand)               Turns: 1765, Time: 00:09:57

Health: -1/42      AC:  8    Str: 10    XL:     6   Next: 16%
Magic:  6/6        EV: 14    Int: 13    God:    Dithmenos [**....]
Gold:   132        SH:  0    Dex: 16    Spells: 5/5 levels left

rFire   . . .        a - +2 dagger (protect)
rCold   . . .        (no shield)
rNeg    . . .        (helmet restricted)
rPois   .            (no amulet)
rElec   .            (no ring)
rCorr   .            (no ring)
SInv    .            (no ring)
Will    .....        (no ring)
Stlth   +++++        (no ring)
HPRegen 0.27/turn    (no ring)
MPRegen 0.10/turn    (no ring)
                     (no ring)

%: no passive effects
@: under a protective aura, wreathed by umbra
A: almost no armour, amphibious, 8 rings, camouflage 1, gelatinous body 1,
(nimble swimmer 1), tentacles
a: Renounce Religion, Shadow Step


You were on level 3 of the Dungeon.
You worshipped Dithmenos.
Dithmenos was pleased with you.
You visited 1 branch of the dungeon, and saw 3 of its levels.

You collected 132 gold pieces.

Inventory:

Hand Weapons
 a - a +2 dagger of protection (weapon)
Missiles
 b - 15 poisoned darts (quivered)
 c - 3 curare-tipped darts
Armour
 e - a +0 cloak
 g - a +1 helmet
 h - an orb of mayhem
Scrolls
 i - a scroll of identify
 j - a scroll of magic mapping
Potions
 d - a potion of brilliance
 f - a potion of cancellation {unknown}


   Skills:
 + Level 3.2 Fighting
 + Level 3.2 Short Blades
 + Level 3.3 Throwing
 + Level 2.6 Dodging
 + Level 6.5 Stealth


You had 5 spell levels left.
You didn't know any spells.
Your spell library contained the following spells:

 Spells                   Type           Power      Damage    Failure   Level
 Poisonous Vapours        Pois/Air       0%         N/A       43%         2
 Mephitic Cloud           Conj/Pois/Air  0%         N/A       67%         3
 Freezing Cloud           Conj/Ice/Air   0%         6-21      100%        5


Dungeon Overview and Level Annotations

Branches:
Dungeon (3/15)

Altars:
Dithmenos
Elyvilon

Shops:
D:2 :


Innate Abilities, Weirdness & Mutations

You cannot wear most types of armour.
You are amphibious.
You can wear up to eight rings at the same time.
Your skin changes colour to match your surroundings (Stealth+).
Your rubbery body absorbs attacks. (AC +1, EV +1)
((You are camouflaged when in or above water. (Stealth+)))
You have tentacles for arms and can constrict up to eight enemies at once.


Message History

You hit the orc wizard.
The orc wizard is heavily wounded.
You constrict the orc wizard. The orc hits you with a +0 short sword.
The orc priest looks encouraged for a moment.
The orc wizard casts a spell.
The orc wizard flickers and vanishes!
Deactivating autopickup; reactivate with Ctrl-A.
You closely miss something. You constrict something. The orc misses you.
Something hits you but does no damage.
You hit something. You constrict something. The orc barely misses you.
You hear some strange, mumbled words.
Something tries to affect you, but you resist.
You hit something but do no damage. You squeeze something.
You constrict something. Dithmenos accepts your kill.
Reactivating autopickup.
You feel a bit more experienced. The orc hits you but does no damage.
You hit the orc. You grab the orc.
The orc is moderately wounded.
You constrict the orc. The orc closely misses you.
You hit the orc.
You kill the orc!
Dithmenos accepts your kill.
You hit the orc. You grab the orc. You tentacle-slap the orc.
You kill the orc!
Dithmenos accepts your kill.
The orc priest hits you with a +0 flail!
Items here: $ ))) [ ††.
You hit the orc priest. Your grab misses the orc priest.
The orc priest is lightly wounded.
You hit the orc. You grab the orc. You squeeze the orc.
The orc is heavily wounded.
You constrict the orc. The orc priest closely misses you.
The orc barely misses you.
You hit the orc but do no damage.
The orc is severely wounded.
You constrict the orc.
The orc priest mumbles some strange prayers to Beogh against you.
Beogh smites you!
You die...

# #.###### .# ..
#.##.!....##.##.# .
............(.. #.
#.........# #.
#.....)<..##.##
##.##...............
..##...##.......#######
...............>#
#.....@o#......#
#.#...#o#.#.##.#
#.......#.#.##.#
#.......#...##.#
#.......#.### .#
#.#...#.#.# #.......#.#
##.....##


You could see an orc priest and an orc.

Vanquished Creatures
  Sigmund (D:2)
  An orc wizard (D:3)
  2 adders (D:2)
  2 dart slugs
  3 orcs (D:3)
  An endoplasm (D:2)
  3 giant cockroaches
  5 hobgoblins
  6 kobolds
  2 quokkas (D:1)
  5 ball pythons
  6 bats
  2 frilled lizards (D:2)
  5 goblins (D:2)
  5 rats
49 creatures vanquished.

Notes
Turn   | Place    | Note
-------+----------+-------------------------------------------
     0 | D:1      | sampeng1 the Octopode Brigand began the quest for the Orb.
     0 | D:1      | Reached XP level 1. HP: 14/14 MP: 1/1
   138 | D:1      | Reached XP level 2. HP: 19/19 MP: 2/2
   249 | D:1      | Found a faded altar of an unknown god.
   252 | D:1      | Prayed at the altar of an unknown god.
   252 | D:1      | Became a worshipper of Dithmenos the Shadowed
   252 | D:1      | Reached * piety under Dithmenos
   749 | D:2      | Found Nogut's Book Emporium.
   767 | D:2      | Reached XP level 3. HP: 23/24 MP: 3/3
  1052 | D:2      | Noticed Sigmund
  1059 | D:2      | Killed Sigmund
  1060 | D:2      | Reached skill level 6 in Stealth
  1060 | D:2      | Reached XP level 4. HP: 31/31 MP: 4/4
  1060 | D:2      | Reached XP level 5. HP: 36/36 MP: 5/5
  1152 | D:2      | Found a white marble altar of Elyvilon.
  1503 | D:2      | Reached ** piety under Dithmenos
  1539 | D:2      | Reached XP level 6. HP: 42/42 MP: 6/6
  1765 | D:3      | Killed from afar by an orc priest

Illustrated notes

Levels and vault maps discovered:
D:1:      amcnicky_arrival_blooded_trapdoor, layout_basic,
          chequers_ecumenical_altar_simple_redux
D:2:      layout_basic, basic_altar, serial_shops,
          nicolae_shop_tiny_statue_garden, uniq_sigmund
D:3:      cheibrodos_pilgrimage, layout_loops_ring, fedhas_altar_2,
          minmay_close_crescents

Skill      XL: |  1  2  3 |
---------------+----------+-----
Fighting       | 3 |  3.2
Short Blades   | 3 |  3.2
Throwing       | 3 |  3.3
Dodging        | 2 |  2.6
Stealth        | 6 |  6.5

Action                     |  1- 3 |  4- 6 || total
---------------------------+-------+-------++-------
  Melee: Dagger            |    64 |    30 ||    94
         Constrict         |    14 |     7 ||    21
         Punch             |     2 |     1 ||     3
         Tentacles         |     3 |     3 ||     6
    Use: Scroll            |     5 |       ||     5
         Potion            |     2 |       ||     2
   Stab: Sleeping          |     9 |     6 ||    15
         Distracted        |     1 |       ||     1
 Armour: Skin              |     4 |     2 ||     6
  Dodge: Dodged            |    47 |    10 ||    57

Table legend: (Time is in decaauts)
 A = Elapsed time spent in this place.
 B = Non-inter-level travel time spent in this place.
 C = Inter-level travel time spent in this place.
 D = Time resting spent in this place.
 E = Time spent auto-exploring this place.
 F = Levels seen in this place.
 G = Mean time per level.
                   A        B        C        D        E       F      G
               +--------+--------+--------+--------+--------+-----+--------+
         Total |   1753 |   1529 |    224 |      0 |    940 |   3 |  584.3 |
       Dungeon |   1753 |   1529 |    224 |      0 |    940 |   3 |  584.3 |
               +--------+--------+--------+--------+--------+-----+--------+

Top non-repeatable levels by time:
     D:2: 970 daAuts
     D:1: 746 daAuts
     D:3: 36 daAuts
